 Dungeon Crawl Stone Soup version 0.27.1 (webtiles) character file.

Game seed: 14090253570853632721

72 Kala the Sneak (level 4, -1/21 HPs)
             Began as a Spriggan Venom Mage on Sept 1, 2021.
             Slain by a worm (11 damage)
             ... on level 3 of the Dungeon.
             The game lasted 00:10:41 (1061 turns).

Kala the Sneak (Spriggan Venom Mage)                Turns: 1061, Time: 00:10:43

Health: -1/21      AC:  2    Str:  4    XL:     4   Next: 7%
Magic:  2/10       EV: 17    Int: 17    God:
Gold:   64         SH:  0    Dex: 15    Spells: 7/10 levels left

rFire    . . .     SeeInvis +   f - +0 dagger
rCold    . . .     Faith    .   (shield restricted)
rNeg     . . .     Spirit   .   a - +0 robe
rPois    .         Reflect  .   (helmet restricted)
rElec    .         Harm     .   (no cloak)
rCorr    .         Rampage  .   (gloves unavailable)
Will     .....                  (boots unavailable)
Stlth    ++........             (no amulet)
HPRegen  0.07/turn              (no ring)
MPRegen  0.12/turn              (no ring)

@: slow
A: very small, no large weapons, unfitting armour, see invisible, speed 3
a: no special abilities


You were on level 3 of the Dungeon.
You visited 1 branch of the dungeon, and saw 3 of its levels.

You collected 64 gold pieces.

Inventory:

Hand Weapons
 f - a +0 dagger (weapon)
Armour
 a - a +0 robe (worn)
Jewellery
 b - an amulet of guardian spirit
Scrolls
 c - a scroll of vulnerability {unknown}
 e - a scroll of enchant weapon {unknown}
 g - a scroll of identify {unknown}
Potions
 d - a potion of attraction {unknown}


   Skills:
 + Level 2.8 Dodging
 * Level 4.4 Stealth
 + Level 3.5 Spellcasting
 + Level 1.9 Transmutations
 + Level 3.8 Poison Magic


You had 7 spell levels left.
You knew the following spells:

 Your Spells              Type           Power      Damage    Failure   Level
a - Sting                 Tmut/Pois      48%        1d5       4%          1
b - Poisonous Vapours     Pois/Air       18%        N/A       12%         2

Your spell library contained the following spells:

 Spells                   Type           Power      Damage    Failure   Level
 Mephitic Cloud           Conj/Pois/Air  7%         N/A       28%         3
 Olgreb's Toxic Radiance  Pois           16%        N/A       34%         4
 Ozocubu's Armour         Ice            3%         N/A       45%         3
 Summon Guardian Golem    Hex/Summ       3%         N/A       45%         3
 Orb of Destruction       Conj           1%         N/A       100%        7
 Ozocubu's Refrigeration  Ice            1%         4d5       100%        7
 Spellforged Servitor     Conj/Summ      1%         N/A       100%        7


Dungeon Overview and Level Annotations

Branches:
Dungeon (3/15)

Altars:

Annotations:
D:2 Terence


Innate Abilities, Weirdness & Mutations

You are very small and have problems with some larger weapons.
You are too small for most types of armour.
You have supernaturally acute eyesight. (SInv)
You cover ground extremely quickly. (Speed+++)


Message History

Casting: Sting (safe; 4% risk of failure)
Confirm with . or Enter, or press ? or * to list all spells.
Aiming: Sting (safe; 4% risk of failure)
Press: ? - help, Shift-Dir - straight line, f - adder
Aim: an adder (almost dead, 53% to hit)
You miscast Sting.
You are very lightly contaminated with residual magic.
Nothing appears to happen.
Your magical contamination has completely faded away.
Casting: Sting (safe; 4% risk of failure)
Confirm with . or Enter, or press ? or * to list all spells.
Aiming: Sting (safe; 4% risk of failure)
Press: ? - help, Shift-Dir - straight line, f/p - adder
Aim: an adder (almost dead, 53% to hit)
The sting hits the adder.
The adder is poisoned.
You kill the adder!
You have reached level 4!
You see here a river rat corpse.
Casting: Sting (safe; 4% risk of failure)
Confirm with . or Enter, or press ? or * to list all spells.
Aiming: Sting (safe; 4% risk of failure)
Press: ? - help, Shift-Dir - straight line, f - rat
Aim: a rat (wandering, hasn't noticed you, 71% to hit)
The sting hits the rat.
The rat is poisoned.
The rat is heavily wounded.
You kill the rat!
You enter the shallow water.
Moving in this stuff is going to be slow.
A worm comes into view.
Your unstable footing causes you to fumble your attack.
Casting: Sting (safe; 4% risk of failure)
Confirm with . or Enter, or press ? or * to list all spells.
Aiming: Sting (safe; 4% risk of failure)
Press: ? - help, Shift-Dir - straight line, f - worm
Aim: a worm (90% to hit)
The sting hits the worm.
The worm is poisoned.
The worm is lightly wounded.
The worm bites you!
Ouch! That really hurt!
You die...

###..# # #.## ###.#
.##.#### ........
.####... .##.###
.......## †##.###
#####.$....## #.#..
.##...#
#≈w≈#.......###.#...
......#
#@#≈.....#.#.#....
.######
#≈#≈..............
.###### #≈≈≈≈....#
#...... ......#
#≈#≈....$# #.....
.######
#≈≈†..#..#####...<
.#
#≈#......†........
.######
#≈≈≈....########.#
.##...###
###≈≈...### #.#
.##.###.# #.#######
#.#


You could see a worm (poisoned).

Vanquished Creatures
  An iguana (D:3)
  2 adders (D:3)
  A river rat (D:3)
  A worm (D:2)
  2 bats (D:2)
  An endoplasm (D:1)
  A giant cockroach (D:3)
  A goblin (D:1)
  A hobgoblin (D:2)
  2 kobolds (D:2)
  2 ball pythons
  A frilled lizard (D:2)
  3 rats
19 creatures vanquished.

Notes
Turn   | Place    | Note
-------+----------+-------------------------------------------
     0 | D:1      | Kala the Spriggan Venom Mage began the quest for the Orb.
     0 | D:1      | Reached XP level 1. HP: 9/9 MP: 5/5
    86 | D:2      | Noticed Terence
   166 | D:2      | Reached XP level 2. HP: 13/13 MP: 0/6
   169 | D:2      | Learned a level 2 spell: Poisonous Vapours
   922 | D:3      | Reached XP level 3. HP: 2/16 MP: 0/8
   995 | D:3      | Reached skill level 4 in Stealth
  1017 | D:3      | Reached XP level 4. HP: 7/21 MP: 0/10
  1061 | D:3      | Slain by a worm

Illustrated notes

Levels and vault maps discovered:
D:1:      dpeg_arrival_shelter, layout_loops_cross, hangedman_feature_mirror,
          minmay_tiny_reverse_x
D:2:      layout_basic, basic_altar, uniq_terence
D:3:      layout_loops_ring, ebering_ecumenical_altar_webs,
          lightli_sewer_entry_pipes, uniq_natasha

Skill      XL: |  1  2  3 |
---------------+----------+-----
Spellcasting   | 3 |  3.5
Stealth        | 4 |  4.4
Dodging        | |  2.8
Transmutations | |  1.9
Poison Magic   | |  3.8

Action                   |  1- 3 |  4- 6 || total
-------------------------+-------+-------++-------
Melee: Dagger            |     7 |     1 ||     8
       Unarmed           |     1 |       ||     1
 Cast: Sting             |    25 |     2 ||    27
       Poisonous Vapours |    10 |       ||    10
Armor: Robe              |     2 |       ||     2
Dodge: Dodged            |    12 |       ||    12
